 Dungeon Crawl Stone Soup version 0.22-a0-515-g75794bf (webtiles) character file.

1980 grizmgrazm2 the Shield-Bearer (level 9, -5/57 HPs)
             Began as a Gargoyle Fighter on June 19, 2018.
             Killed from afar by an orc wizard (8 damage)
             ... with a wand of acid (7)
             ... on level 7 of the Dungeon.
             The game lasted 00:14:02 (5546 turns).

grizmgrazm2 the Shield-Bearer (Gargoyle Fighter)    Turns: 5546, Time: 00:14:03

Health: -5/57      AC:  7    Str: 20    XL:     9   Next: 20%
Magic:  9/9        EV:  8    Int:  9    God:
Gold:   59         SH: 11    Dex: 12    Spells: 8/8 levels left

rFire    + . .     SeeInvis .   h - +0 morningstar
rCold    + . .     Gourm    .   c - +0 shield
rNeg     + . .     Faith    .   b - +1 scale mail
rPois    ∞         Spirit   .   (no helmet)
rElec    +         Reflect  .   (no cloak)
rCorr    +         Harm     .   (no gloves)
MR       .....                  (no boots)
Stlth    ..........             (no amulet)
HPRegen  0.19/turn              (no ring)
MPRegen  0.11/turn              (no ring)

@: resistant, corroded
A: negative energy resistance 1, electricity resistance, unbreathing,
petrification resistance, rot immunity, AC +6
a: no special abilities


You were on level 7 of the Dungeon.
You were not hungry.

You visited 2 branches of the dungeon, and saw 8 of its levels.

You collected 256 gold pieces.
You spent 197 gold pieces at shops.

Inventory:

Hand Weapons
 h - a +0 morningstar (weapon)
Armour
 b - a +1 scale mail (worn)
 c - a +0 shield (worn)
Wands
 i - a wand of paralysis (15)
 l - a wand of flame (52)
 r - a wand of polymorph (14)
Scrolls
 g - a scroll of magic mapping
 q - a scroll of amnesia
 s - a scroll of identify
Potions
 a - a potion of flight {unknown}
 d - 2 potions of curing
 e - a potion of ambrosia
 j - 3 potions of lignification
 k - 2 potions of mutation
 o - 2 potions of might
 p - 2 potions of berserk rage
Comestibles
 f - 12 rations


   Skills:
 + Level 7.2 Fighting
 + Level 6.1 Maces & Flails
 + Level 7.2 Armour
 + Level 7.3 Shields


You had 8 spell levels left.
You didn't know any spells.
Your spell library was empty.

Dungeon Overview and Level Annotations

Branches:
Dungeon (7/15)             Temple (1/1) D:7

Altars:
Ashenzari
Cheibriados
Dithmenos
Elyvilon
Fedhas
Gozag
Hepliaklqana
Makhleb
Nemelex Xobeh
Okawaru
Ru
Sif Muna
Trog
Uskayaw
Vehumet
Wu Jian
Xom
Zin
The Shining One

Shops:
D:5 !*%%

Annotations:
D:5 3 runed doors, TheNamelessOne's ghost, novice OpTm


Innate Abilities, Weirdness & Mutations

You are resistant to torment.
Your stone body is resilient. (AC +6)
You are immune to poison.
You resist negative energy. (rN+)
You are resistant to electric shocks. (rElec)
You can survive without breathing.
You are immune to petrification.
You are immune to rotting.


Message History

The orc wizard points at you and mumbles some strange words.
You easily resist.
You closely miss the orc wizard.
The orc wizard is almost dead.
You block the orc wizard's attack.
You closely miss the orc wizard.
The orc wizard is almost dead.
The orc wizard gestures at you while chanting.
You easily resist.
You hit the orc wizard but do no damage.
The orc wizard is almost dead.
The orc wizard zaps a wand.
The bolt of acid hits you! The acid corrodes you!
You are splashed with acid!
The acid burns!
The orc wizard zaps a wand.
The bolt of acid hits you!
* * * LOW HITPOINT WARNING * * *
You are splashed with acid!
The acid burns!
* * * LOW HITPOINT WARNING * * *
You feel protected.
The orc wizard zaps a wand.
The bolt of acid hits you! You resist.
You die...

.............##
###...........##
....###....[..##
#.####.......##
###............#>
##...#........(###
#######..............###
...##...[.[.o####.........#
#......###@###....#.....##
####.#.).......#......#####
.. #....#.)..............
## #...###....#...#.#####.
#.#.# ##....#.#.....#
#.#......#...>....#.
....######..#.#...# #
.:..## #.#...#..# ##..#
#.......##


You could see an orc wizard.

Vanquished Creatures
  Pikel (D:6)
  Prince Ribbit (D:5)
  Menkaure (D:4)
  An orc warrior (D:7)
  A slave (D:5)
  A centaur (D:5)
  An ogre (D:5)
  4 scorpions
  A howler monkey (D:5)
  A crimson imp (D:6)
  3 hounds
  4 orc wizards
  A human zombie (D:4)
  2 orc priests (D:3)
  2 iguanas
  Ijyb (D:4)
  A centaur skeleton (D:7)
  Natasha (twice) (D:3)
  3 worker ants
  5 adders
  3 shadow imps
  An adder zombie (D:7)
  2 dart slugs
  2 leopard geckos
  9 orcs
  5 bats
  3 giant cockroaches
  11 goblins
  4 hobgoblins
  7 jackals
  2 quokkas
  2 ball pythons
  3 frilled lizards
  A hobgoblin zombie (D:4)
  4 kobolds
  A leopard gecko skeleton (D:4)
  5 rats
102 creatures vanquished.

Vanquished Creatures (others)
  A slave (D:7)
  An orc priest (D:7)
  An orc wizard (D:7)
  A leopard gecko (D:6)
  A jackal (D:6)
  A quokka (D:6)
6 creatures vanquished.

Grand Total: 108 creatures vanquished

Notes
Turn   | Place    | Note
-------+----------+-------------------------------------------
     0 | D:1      | grizmgrazm2 the Gargoyle Fighter began the quest for the Orb.
     0 | D:1      | Reached XP level 1. HP: 14/14 MP: 1/1
   237 | D:2      | Reached XP level 2. HP: 19/19 MP: 2/2
   385 | D:2      | Reached XP level 3. HP: 21/23 MP: 3/3
   667 | D:4      | Noticed Menkaure
   668 | D:4      | Noticed Ijyb
   679 | D:5      | Entered Level 5 of the Dungeon
   906 | D:5      | Noticed an ogre
   908 | D:5      | Found Zihajeim's Food Emporium.
   910 | D:5      | Killed an ogre
   910 | D:5      | Reached XP level 4. HP: 29/29 MP: 4/4
   910 | D:5      | Reached XP level 5. HP: 33/33 MP: 5/5
   940 | D:5      | Noticed a centaur
   950 | D:5      | Killed a centaur
  1076 | D:5      | Reached XP level 6. HP: 22/39 MP: 6/6
  1256 | D:5      | Found Leesmonovo's Food Shoppe.
  1269 | D:5      | Found a runed gate.
  1269 | D:5      | Found a runed gate.
  1269 | D:5      | Found a runed gate.
  1275 | D:5      | Noticed TheNamelessOne's ghost (novice OpTm)
  1574 | D:5      | Found Bidusott's Assorted Antiques.
  1579 | D:5      | Bought a scroll of identify for 50 gold pieces
  1656 | D:5      | Found Ruic's Distillery.
  1704 | D:5      | Noticed Prince Ribbit
  1741 | D:5      | Killed Prince Ribbit
  1741 | D:5      | Reached skill level 5 in Fighting
  1741 | D:5      | Reached skill level 5 in Armour
  1741 | D:5      | Reached skill level 5 in Shields
  1741 | D:5      | Reached XP level 7. HP: 24/44 MP: 7/7
  1990 | D:6      | Noticed Pikel
  2214 | D:6      | Killed Pikel
  2214 | D:6      | Reached XP level 8. HP: 6/51 MP: 8/8
  2276 | D:6      | Found a hide-covered altar of Uskayaw.
  2377 | D:6      | Reached skill level 5 in Maces & Flails
  2728 | D:4      | Killed Menkaure
  2779 | D:4      | Killed Ijyb
  3212 | D:3      | Noticed Natasha
  3223 | D:3      | Killed Natasha
  3700 | D:3      | Found a blossoming altar of Fedhas.
  3721 | D:3      | Found a shattered altar of Ashenzari.
  4696 | D:3      | Noticed Natasha
  4701 | D:3      | Killed Natasha
  4794 | D:6      | Reached XP level 9. HP: 56/56 MP: 9/9
  5058 | D:5      | Bought a scroll of remove curse for 75 gold pieces
  5139 | D:5      | Bought a potion of degeneration for 12 gold pieces
  5139 | D:5      | Bought a potion of heal wounds for 60 gold pieces
  5256 | D:7      | Found a staircase to the Ecumenical Temple.
  5268 | Temple   | Entered the Ecumenical Temple
  5546 | D:7      | Killed from afar by an orc wizard

Vault maps used:
D:1:      evilmike_arrival_fibonacci_small
D:2:      first_ration
D:3:      chequers_temple_overflow_statue_of_worship, uniq_natasha
D:4:      enter_ossuary_3, eino_small_chamber_without_monster, uniq_menkaure,
          uniq_ijyb
D:5:      gammafunk_ghost_necromancy, serial_shops,
          nicolae_shop_competitors_out_of_business, shop, kennysheep_mini,
          shop_statue, uniq_prince_ribbit1
D:6:      eat_drink_and_be_merry_uskayaw, uniq_pikel
D:7:      nicolae_overflow_hidden_temple, lemuel_mausoleum_altar_yredelemnul,
          nicolae_overflow_crystal_walls, minmay_temple_entry_crystal_x,
          serial_shops, shop
Temple:   minmay_temple_bridge_d

Skill      XL: |  1  2  3  4  5  6  7  8  9 |
---------------+----------------------------+-----
Fighting       | 4 5 6 7 |  7.2
Maces & Flails | 3 4 5 6 |  6.1
Armour         | 4 5 6 7 |  7.2
Shields        | 4 5 7 |  7.3

Action                   |  1- 3 |  4- 6 |  7- 9 || total
-------------------------+-------+-------+-------++-------
Melee: Flail             |    20 |       |       ||    20
       Morningstar       |    63 |    29 |   327 ||   419
Evoke: Wand              |       |       |     4 ||     4
  Use: Scroll            |     2 |     4 |     8 ||    14
       Potion            |     1 |     4 |     7 ||    12
 Stab: Paralysed         |       |       |     5 ||     5
  Eat: Chunk             |       |     1 |    12 ||    13
       Ration            |       |       |     1 ||     1
Armor: Scale mail        |    43 |     9 |   203 ||   255
       Skin              |       |     7 |    14 ||    21
Dodge: Dodged            |    31 |     7 |   131 ||   169
Block: Shield            |    47 |    12 |   202 ||   261

Table legend:
 A = Spawn XP
 B = Non-spawn XP
 C = Spawn XP percentage of total XP
 D = Spawn monster count
 E = Non-spawn monster count
 F = Spawn count percentage of total count
 G = Total turns spent on level
                    A         B        C        D         E        F      G
               +---------+---------+-------+---------+---------+-------+---------
         Total |       0 |    2829 |   0.0 |       0 |     101 |   0.0 |  5546
               +---------+---------+-------+---------+---------+-------+---------
           D:1 |       0 |      28 |   0.0 |       0 |      16 |   0.0 |   760
           D:2 |       0 |      31 |   0.0 |       0 |      11 |   0.0 |   373
           D:3 |       0 |     315 |   0.0 |       0 |      27 |   0.0 |  1131
           D:4 |       0 |     413 |   0.0 |       0 |      15 |   0.0 |   483
           D:5 |       0 |     634 |   0.0 |       0 |       7 |   0.0 |  1799
           D:6 |       0 |     989 |   0.0 |       0 |      16 |   0.0 |   590
           D:7 |       0 |     419 |   0.0 |       0 |       9 |   0.0 |   179
               +---------+---------+-------+---------+---------+-------+---------
